 Dungeon Crawl Stone Soup version 0.24-a0-580-g6a6c3f83c1 (webtiles) character file.

Game seed: 14658287881210965323

130 Gynju the Slasher (level 4, 0/35 HPs)
             Began as a Demonspawn Fighter on Aug 22, 2019.
             Splashed by a jelly's acid (5 damage)
             ... on level 3 of the Dungeon.
             The game lasted 00:02:56 (2067 turns).

Gynju the Slasher (Demonspawn Fighter)              Turns: 2067, Time: 00:02:57

Health: 0/35       AC:  2    Str: 18    XL:     4   Next: 89%
Magic:  4/4        EV:  7    Int:  9    God:
Gold:   118        SH:  8    Dex: 12    Spells: 3/3 levels left

rFire    . . .     SeeInvis .   a - +0 long sword
rCold    . . .     Gourm    .   c - +0 shield
rNeg     . . .     Faith    .   b - +0 scale mail
rPois    .         Spirit   .   (helmet restricted)
rElec    .         Reflect  .   (no cloak)
rCorr    .         Harm     .   (no gloves)
MR       .....                  (no boots)
Stlth    ..........             (no amulet)
HPRegen  0.11/turn              (no ring)
MPRegen  0.09/turn              (no ring)

@: corroded
A: horns 1, powered by death 1, sturdy frame 1
a: no special abilities


You were on level 3 of the Dungeon.
You were not hungry.

You visited 1 branch of the dungeon, and saw 3 of its levels.

You collected 118 gold pieces.

Inventory:

Hand Weapons
 a - a +0 long sword (weapon)
Armour
 b - a +0 scale mail (worn)
 c - a +0 shield (worn)
Jewellery
 r - an uncursed ring of flight {unknown}
Wands
 s - a wand of flame (18)
Scrolls
 e - a scroll of immolation {unknown}
 g - 3 scrolls of teleportation {unknown}
 j - 4 scrolls of remove curse {unknown}
 k - 2 scrolls of identify {unknown}
 l - a scroll of magic mapping {unknown}
 n - a scroll of fog {unknown}
 q - a scroll of random uselessness {unknown}
 t - a scroll of enchant weapon {unknown}
Potions
 d - a potion of might
 i - 2 potions of curing {unknown}
 m - a potion of heal wounds {unknown}
 o - a potion of degeneration {unknown}
 p - a potion of resistance {unknown}
Comestibles
 f - 4 rations


   Skills:
 - Level 3.0 Fighting
 + Level 4.7 Long Blades
 - Level 2.6 Armour
 - Level 2.6 Shields


You had 3 spell levels left.
You didn't know any spells.
Your spell library was empty.

Dungeon Overview and Level Annotations

Branches:
Dungeon (3/15)

Altars:
Elyvilon
Trog


Innate Abilities, Weirdness & Mutations

You have a pair of small horns on your head.
You regenerate a little health from kills.
Your movements are slightly less encumbered by armour. (ER -2)


Message History

You block the goblin's attack.
The hobgoblin hits you but does no damage.
The jelly hits you but does no damage.
You hit the jelly.
Your hands burn!
You headbutt the jelly.
The jelly is moderately wounded.
The goblin hits you with a +0 dagger. You block the hobgoblin's attack.
The jelly hits you. The acid corrodes you!
You are splashed with acid.
The goblin hits you but does no damage.
Your scale mail prevents you from hitting the jelly.
You headbutt the jelly.
The jelly is moderately wounded.
The hobgoblin hits you. The jelly hits you.
You are splashed with acid!
* * * LOW HITPOINT WARNING * * *
The goblin hits you with a +0 dagger.
* * * LOW HITPOINT WARNING * * *
The hobgoblin hits you but does no damage.
All of the chunks of flesh in your inventory have rotted away.
You are too injured to fight recklessly!
You hit the jelly.
Your hands burn!
You die...

.# .# ### .# ..# .#
..##### .# ##### .......
.# #...# ....... .# #...#
.$..$..
.####...##########g......
........'..(.†..@Jg......
###.....##########S......
#.....# ....... #.....#
#.###.. ###...# .# .
##### .# . .


You could see a jelly, an adder, a hobgoblin and a goblin.

Vanquished Creatures
  Robin (D:2)
  3 adders
  2 worms (D:2)
  A leopard gecko (D:2)
  6 orcs (D:2)
  A ball python (D:2)
  5 giant cockroaches
  9 hobgoblins
  3 jackals (D:2)
  11 bats
  7 frilled lizards
  12 goblins
  6 kobolds
  13 rats
80 creatures vanquished.

Notes
Turn   | Place    | Note
-------+----------+-------------------------------------------
     0 | D:1      | Gynju the Demonspawn Fighter began the quest for the Orb.
     0 | D:1      | Reached XP level 1. HP: 18/18 MP: 1/1
    79 | D:1      | Reached skill level 2 in Long Blades
   277 | D:1      | Gained mutation: You have a pair of small horns on your
                  | head. [demonic ancestry]
   277 | D:1      | Reached XP level 2. HP: 21/24 MP: 2/2
   598 | D:1      | Reached skill level 3 in Long Blades
  1029 | D:2      | Gained mutation: Your movements are slightly less
                  | encumbered by armour. (ER -2) [demonic ancestry]
  1029 | D:2      | Reached XP level 3. HP: 27/29 MP: 3/3
  1180 | D:2      | Found a white marble altar of Elyvilon.
  1317 | D:2      | Gained mutation: You regenerate a little health from kills.
                  | [demonic ancestry]
  1317 | D:2      | Reached XP level 4. HP: 13/35 MP: 4/4
  1318 | D:2      | Reached skill level 4 in Long Blades
  1618 | D:2      | Noticed Robin
  1639 | D:2      | Killed Robin
  1716 | D:2      | Found a bloodstained altar of Trog.
  2067 | D:3      | Splashed by a jelly's acid

Levels and vault maps discovered:
D:1:      co_arrival_random_square_maze, layout_basic
D:2:      layout_basic, overflow_temple_1_default, minivault_27,
          trog_butcher_becter, uniq_robin
D:3:      layout_basic, gammafunk_ghost_arena

Skill      XL: |  1  2  3  4 |
---------------+-------------+-----
Long Blades    | 2 3 4 |  4.7
Fighting       | |  3.0
Armour         | |  2.6
Shields        | |  2.6

Action                   |  1- 3 |  4- 6 || total
-------------------------+-------+-------++-------
Melee: Long sword        |   109 |    82 ||   191
       Headbutt          |    11 |    19 ||    30
  Eat: Chunk             |     1 |     3 ||     4
Armor: Scale mail        |    77 |    29 ||   106
Dodge: Dodged            |    42 |    16 ||    58
Block: Shield            |    84 |    30 ||   114
       Rpst.: Long sword |    11 |     2 ||    13

Table legend:
 A = Non-vault XP
 B = Vault XP
 C = Vault XP percentage of total XP
 D = Non-vault monster count
 E = Vault monster count
 F = Vault count percentage of total count
                 A         B        C        D         E       F
            +---------+---------+-------+---------+---------+-------
      Total |     149 |      37 |  19.9 |      68 |      12 |  15.0
            +---------+---------+-------+---------+---------+-------
        D:1 |      37 |       0 |   0.0 |      27 |       0 |   0.0
        D:2 |      95 |      37 |  28.0 |      37 |      12 |  24.5
        D:3 |      17 |       0 |   0.0 |       4 |       0 |   0.0
            +---------+---------+-------+---------+---------+-------
